AoeStats
← RelCoya

Black Forest

504759874Analyzed
1v1 RM · 24d ago on Sep 6, 2026· 21m 2s· 2 players
Game mode
Random Map
Map size
Tiny (2 player)
Population
200
Speed
Normal
Resources
Standard
Victory
Conquest
Starting age
Dark Age
Ending age
Imperial Age
RankedLock teamsTeams togetherTeam positionsShared explorationLock speedFull tech treeHidden civsTurbo modeCheats
Victory
Defeat
🇹🇼 Romans · Taiwan
1086
+15
🇦🇷 Khmer · Argentina
1061
-15
RelCoya
12:18 Feudal Age
17:32 Castle Age
15:34 Horse Collar
15:47 Double-Bit Axe
17:21 Loom
貓妖
1:02 Loom
11:57 Feudal Age
12:59 Double-Bit Axe
13:05 Man-at-Arms
19:09 Castle Age
18:37 Scale Mail Armor
18:48 Forging
18:37 Horse Collar
19:15 Long Swordsman
21:50 Bow Saw
21:42 Heavy Plow
Connection lost

Rejoining the realm…

Still unreachable

The connection could not be restored.

Session expired

The server has moved on; the page needs a fresh start.